AoeStats
← Mehrab

Arena

510718041Analyzed
1v1 RM · 1d ago on Oct 2, 2026· 62m 51s· 2 players
Game mode
Random Map
Map size
Tiny (2 player)
Population
200
Speed
Normal
Resources
Standard
Victory
Conquest
Starting age
Dark Age
Ending age
Imperial Age
RankedLock teamsTeams togetherTeam positionsShared explorationLock speedFull tech treeHidden civsTurbo modeCheats
Victory
Defeat
🇵🇱 Turks · Poland
937
+18
🇦🇷 Persians · Argentina
985
-18
Michalnapropsie
10:59 Feudal Age
14:40 Castle Age
12:34 Double-Bit Axe
13:20 Horse Collar
15:32 Heavy Plow
16:38 Bow Saw
18:04 Loom
18:06 Town Watch
22:48 Fortified Wall
27:12 Imperial Age
25:56 Wheelbarrow
26:03 Scale Barding Armor
25:59 Padded Archer Armor
26:12 Forging
27:05 Bloodlines
26:55 Husbandry
27:28 Gold Mining
29:52 Chain Barding Armor
31:39 Masonry
36:09 Leather Archer Armor
36:06 Forging
38:00 Two-Man Saw
37:54 Plate Barding Armor
38:14 Bombard Tower
38:24 Architecture
40:34 Iron Casting
42:19 Conscription
42:59 Hand Cart
45:27 Blast Furnace
45:00 Fletching
47:27 Stone Mining
48:13 Gold Shaft Mining
48:34 Artillery
48:32 Bodkin Arrow
50:43 Ballistics
50:19 Murder Holes
52:07 Bracer
55:40 Ring Archer Armor
Mehrab
10:58 Feudal Age
12:04 Double-Bit Axe
14:52 Castle Age
12:36 Horse Collar
18:22 Loom
19:27 Pikeman
25:15 Scale Mail Armor
25:26 Elite Skirmisher
27:32 Bloodlines
27:53 Scale Barding Armor
38:03 Imperial Age
37:26 Forging
38:47 Conscription
38:15 Cavalier
41:07 Savar
43:24 Gold Mining
44:41 Chain Barding Armor
44:42 Squires
44:30 Halberdier
47:27 Iron Casting
48:42 Wheelbarrow
48:26 Guilds
53:25 Chemistry
52:40 Capped Ram
53:39 Kamandaran
53:36 Crossbowman
54:41 Fletching
Connection lost

Rejoining the realm…

Still unreachable

The connection could not be restored.

Session expired

The server has moved on; the page needs a fresh start.